AoeStats
← RedPhosphoru

Arabian Desert

510392621Analyzed
1v1 RM · 20h ago on Sep 30, 2026· 22m 44s· 2 players
Game mode
Random Map
Map size
Tiny (2 player)
Population
200
Speed
Normal
Resources
Standard
Victory
Conquest
Starting age
Dark Age
Ending age
Imperial Age
RankedLock teamsTeams togetherTeam positionsShared explorationLock speedFull tech treeHidden civsTurbo modeCheats
Victory
Defeat
🇺🇸 Aztecs · United States
2358
+12
🇩🇪 Goths · Germany
2279
-12
LM \ Molle
0:30 Loom
12:58 Feudal Age
13:30 Double-Bit Axe
13:33 Town Watch
14:30 Man-at-Arms
17:30 Fletching
23:07 Castle Age
RedPhosphoru
5:54 Loom
13:28 Feudal Age
17:43 Castle Age
19:29 Scale Mail Armor
Connection lost

Rejoining the realm…

Still unreachable

The connection could not be restored.

Session expired

The server has moved on; the page needs a fresh start.